 Dungeon Crawl Stone Soup version 0.29-a0-998-g1987434951 (webtiles) character file.

Game seed: 2656824443416827149

11 Monkooky the Charlatan (level 2, -2/23 HPs)
             Began as a Meteoran Artificer on Aug 6, 2022.
             Slain by a kobold
             ... wielding a +0 whip
              (3 damage)
             ... on level 1 of the Dungeon.
             The game lasted 00:01:07 (160 turns).

Monkooky the Charlatan (Meteoran Artificer)          Turns: 160, Time: 00:01:07

Health: -2/23      AC:  4    Str: 13    XL:     2   Next: 52%
Magic:  3/3        EV: 11    Int: 12    God:
Gold:   12         SH:  0    Dex: 14    Spells: 1/1 levels left

rFire   + . .      SeeInvis .   h - +0 short sword
rCold   . . .      Faith    .   (no shield)
rNeg    . . .      Spirit   .   g - +1 leather armour {rF+}
rPois   .          Reflect  .   (no helmet)
rElec   .          Harm     .   (no cloak)
rCorr   .          Rampage  .   (no gloves)
Will    .....                   (no boots)
Stlth   +.........              (no amulet)
HPRegen 0.07/turn               (no ring)
MPRegen 0.08/turn               (no ring)

@: glowing
A: sense surroundings 1, otherworldly, glowing, explore regen
a: no special abilities


You were on level 1 of the Dungeon.
You visited 1 branch of the dungeon, and saw 1 of its levels.

You collected 12 gold pieces.

Inventory:

Hand Weapons
 a - a +0 club
 h - a +0 short sword (weapon)
Armour
 b - a +0 leather armour
 g - a +1 leather armour of fire resistance (worn)
Wands
 c - a wand of flame (15) (quivered)
 d - a wand of charming (15)
 e - a wand of iceblast (9)
Scrolls
 f - a scroll of enchant weapon {unknown}
 i - a scroll of poison {unknown}


   Skills:
 - Level 1.2 Fighting
 - Level 2.5 Armour
 - Level 1.4 Dodging
 - Level 0.8 Stealth
 + Level 4.1 Evocations


You had one spell level left.
You didn't know any spells.
Your spell library was empty.

Dungeon Overview and Level Annotations

Branches:
Dungeon (1/15) Zot: 425

Altars:


Innate Abilities, Weirdness & Mutations

You passively map a small area around you.
You are easily found by Zot.
You glow in the dark.
You regain HP and MP as you explore.


Message History

* * * LOW HITPOINT WARNING * * *
The goblin hits you but does no damage. The kobold attacks as you move away!
The kobold closely misses you. The goblin attacks as you move away!
The goblin barely misses you. The goblin attacks as you move away!
The goblin hits you with a +0 club.
* * * LOW HITPOINT WARNING * * *
The goblin attacks as you move away! The goblin completely misses you.
The goblin attacks as you move away! The goblin hits you but does no damage.
A rat comes into view.
You see here a scroll labelled JINAFI HOBLI.
i - a scroll labelled JINAFI HOBLI The goblin hits you but does no damage.
The goblin closely misses you. The goblin attacks as you move away!
The goblin hits you with a +0 club. The goblin attacks as you move away!
The goblin hits you with a +0 club.
You hit the goblin.
The goblin is moderately wounded.
The goblin hits you with a +0 club.
You barely miss the goblin. The goblin hits you but does no damage.
The kobold barely misses you.
You closely miss the goblin. The goblin barely misses you.
The kobold hits you with a +0 whip.
Found 9 gold pieces.
The goblin misses you. The goblin attacks as you move away!
The goblin barely misses you.
Found 14 gold pieces.
The goblin attacks as you move away! The goblin hits you with a +0 club.
You hit the goblin.
You kill the goblin!
You closely miss the kobold. The kobold barely misses you.
You closely miss the kobold. The kobold hits you with a +0 whip.
You miss the kobold. The kobold hits you with a +0 whip.
You are too injured to fight recklessly!
You are too injured to fight recklessly!
You hit the kobold but do no damage. The kobold hits you with a +0 whip.
* * * LOW HITPOINT WARNING * * *
The kobold hits you with a +0 whip.
* * * LOW HITPOINT WARNING * * *
You hit the kobold but do no damage. The kobold hits you with a +0 whip.
You die...

, ** , ## ##.# , *
#..# , * ###..# . **
#....# ...#### #....#
, #.....#####...#* ,
#.....@Kr.....#######
#....$####.##........
, #.$...*
#.##.####### # ##^###
#.##.#### ##.. #
#.#.....##.... * * ,,
#.#.....#.r#.# ,
#.#.......##..
#.#.....##...#
..............#


You could see a kobold and a rat.

Vanquished Creatures
  3 goblins (D:1)
  A hobgoblin (D:1)
  A quokka (D:1)
  2 ball pythons (D:1)
  A bat (D:1)
  A kobold (D:1)
  2 rats (D:1)
11 creatures vanquished.

Notes
Turn   | Place    | Note
-------+----------+-------------------------------------------
     0 | D:1      | Monkooky the Meteoran Artificer began the quest for the
                  | Orb.
     0 | D:1      | Reached XP level 1. HP: 16/16 MP: 2/2
    45 | D:1      | Reached XP level 2. HP: 10/23 MP: 3/3
   105 | D:1      | Reached skill level 4 in Evocations
   159 | D:1      | HP: 1/23 [kobold/+0 whip (4)]
   160 | D:1      | Slain by a kobold

Illustrated notes

Levels and vault maps discovered:
D:1:      dpeg_arrival_long_road, layout_rooms

Skill      XL: |  1  2 |
---------------+-------+-----
Evocations     | 4 |  4.1
Fighting       | |  1.2
Armour         | |  2.5
Dodging        | |  1.4
Stealth        | |  0.8

Action                   || total
-------------------------++-------
Melee: Club              ||    42
       Short sword       ||    10
Armor: Leather armour    ||    28
Dodge: Dodged            ||    36

Table legend: (Time is in decaauts)
 A = Elapsed time spent in this place.
 B = Non-inter-level travel time spent in this place.
 C = Inter-level travel time spent in this place.
 D = Time resting spent in this place.
 E = Time spent auto-exploring this place.
 F = Levels seen in this place.
 G = Mean time per level.
                   A        B        C        D        E       F      G
               +--------+--------+--------+--------+--------+-----+--------+
         Total |    173 |    173 |      0 |      0 |      0 |   1 |  173.0 |
       Dungeon |    173 |    173 |      0 |      0 |      0 |   1 |  173.0 |
               +--------+--------+--------+--------+--------+-----+--------+

Top non-repeatable levels by time:
     D:1: 173 daAuts
